 Dungeon Crawl Stone Soup version 0.22-a0-48-g8770677 (webtiles) character file.

19 Kidiri the Magician (level 2, -1/15 HPs)
             Began as a Deep Elf Fire Elementalist on Jan 7, 2018.
             Slain by an adder (4 damage)
             ... on level 2 of the Dungeon.
             The game lasted 00:02:36 (674 turns).

Kidiri the Magician (Deep Elf Fire Elementalist)     Turns: 674, Time: 00:02:36

Health: -1/15      AC:  4    Str:  4 (5)  XL:     2   Next: 55%
Magic:  16/17      EV: 13    Int: 17 (19) God:
Gold:   62         SH:  0    Dex: 14 (15) Spells: 5/8 levels left

rFire    + . .     SeeInvis .   g - +1 dagger
rCold    . . .     Gourm    .   (no shield)
rNeg     . . .     Faith    .   a - +0 robe
rPois    .         Spirit   .   k - +1 helmet
rElec    .         Reflect  .   (no cloak)
rCorr    .         Harm     .   (no gloves)
MR       .....                  (no boots)
Stlth    ++........             (no amulet)
HPRegen  0.05/turn              i - ring of magical power
MPRegen  0.15/turn              j - ring of protection from fire

@: no status effects
A: no striking features
a: no special abilities


You were on level 2 of the Dungeon.
You were not hungry.

You visited 1 branch of the dungeon, and saw 2 of its levels.

You collected 62 gold pieces.

Inventory:

Hand Weapons
 g - a +1 dagger (weapon)
Armour
 a - a +0 robe (worn)
 d - a +0 leather armour
 k - a +1 helmet (worn)
Jewellery
 i - a ring of magical power (left hand)
 j - a ring of protection from fire (right hand)
Scrolls
 h - a scroll of teleportation {unknown}
 m - 2 scrolls of remove curse
Potions
 l - a potion of brilliance
Books
 b - a book of Flames

   Spells                             Type                      Level
   a - Flame Tongue                   Conjuration/Fire             1
   b - Throw Flame                    Conjuration/Fire             2
   c - Conjure Flame                  Conjuration/Fire             3
   d - Inner Flame                    Hexes/Fire                   3
   e - Sticky Flame                   Conjuration/Fire             4
   f - Fireball                       Conjuration/Fire             5
Comestibles
 c - 4 rations
 f - a chunk of flesh


   Skills:
 - Level 2.4 Dodging
 - Level 2.4 Stealth
 * Level 3.9 Spellcasting
 + Level 1.6 Conjurations
 + Level 3.5 Fire Magic


You had 5 spell levels left.
You knew the following spells:

 Your Spells              Type           Power        Failure   Level  Hunger
a - Flame Tongue          Conj/Fire      ##...        5%          1    None
b - Throw Flame           Conj/Fire      ##....       9%          2    ##.....


Dungeon Overview and Level Annotations

Branches:
Dungeon (2/15)

Altars:

Annotations:
D:2 Sigmund


Message History

The adder bites you. The adder bites you.
Sigmund casts a spell.
Sigmund flickers and vanishes!
Deactivating autopickup; reactivate with Ctrl-A.
The adder bites you. The adder barely misses you. The adder bites you.
The adder bites you.
* * * LOW HITPOINT WARNING * * *
There is a stone staircase leading up here.
It was a potion of cancellation.
You feel magically purged. The adder bites you but does no damage.
Okay, then.
Unknown command.
It was a potion of degeneration.
There was something very wrong with that liquid.
You feel weakened.
You feel dopey.
You feel clumsy. The adder bites you.
You die...

.................. ##..
........#...#...# #...
#........#...#.. #...
#.......###.###. #...#
#........#...#..
#..###.#....#...#...#
..8#.............#...#..
.........##.....###.###.
>..###@.#####...#...#..
###.S#.....#...#...#
#......###...#...#..
#.###### ##.#.....#. ...
#.......#. ###
###.....#. #...... ###


You could see an adder.

Vanquished Creatures
  A giant cockroach (D:1)
  A goblin (D:2)
  2 hobgoblins (D:1)
  A jackal (D:1)
  6 bats
  2 frilled lizards
  3 kobolds
  4 rats (D:1)
20 creatures vanquished.

Notes
Turn   | Place    | Note
-------+----------+-------------------------------------------
     0 | D:1      | Kidiri the Deep Elf Fire Elementalist began the quest for the Orb.
     0 | D:1      | Reached XP level 1. HP: 10/10 MP: 6/6
   313 | D:1      | Reached XP level 2. HP: 15/15 MP: 8/8
   317 | D:1      | Learned a level 2 spell: Throw Flame
   654 | D:2      | Noticed Sigmund
   674 | D:2      | Slain by an adder

Vault maps used:
D:1:      dpeg_arrival_brainrot, glass_columns_a
D:2:      nicolae_overflow_crystal_walls, nicolae_dithmenos_shadow_blocks,
          first_ration, minmay_misc_feat_four_crosses, st_stairs_6,
          minmay_fountain_box, uniq_robin, uniq_sigmund

Action                   || total
-------------------------++-------
Melee: Dagger            ||     4
 Cast: Flame Tongue      ||    22
       Throw Flame       ||     2
  Use: Scroll            ||     5
       Potion            ||     2
 Stab: Sleeping          ||     4
Armor: Robe              ||     1
Dodge: Dodged            ||     5

Table legend:
 A = Spawn XP
 B = Non-spawn XP
 C = Spawn XP percentage of total XP
 D = Spawn monster count
 E = Non-spawn monster count
 F = Spawn count percentage of total count
 G = Total turns spent on level
                    A         B        C        D         E        F      G
               +---------+---------+-------+---------+---------+-------+---------
         Total |       0 |      28 |   0.0 |       0 |      20 |   0.0 |   674
               +---------+---------+-------+---------+---------+-------+---------
           D:1 |       0 |      22 |   0.0 |       0 |      16 |   0.0 |   617
           D:2 |       0 |       6 |   0.0 |       0 |       4 |   0.0 |    57
               +---------+---------+-------+---------+---------+-------+---------
